 Dungeon Crawl Stone Soup version 0.29-a0-821-g66395355a5 (webtiles) character file.

Game seed: 2382212661074091984

835 kevlar127 the Ruffian (level 7, -3/108 HPs)
             Began as a Troll Berserker on July 7, 2022.
             Was a Believer of Trog.
             Slain by a gnoll
             ... wielding a +0 halberd
             ... led by a gnoll bouda
              (12 damage)
             ... on level 5 of the Dungeon.
             The game lasted 00:06:41 (3508 turns).

kevlar127 the Ruffian (Troll Berserker)             Turns: 3508, Time: 00:06:42

Health: -3/108     AC:  4    Str: 28    XL:     7   Next: 66%
Magic:  6/6        EV: 10    Int:  3    God:    Trog [**....]
Gold:   435        SH:  0    Dex:  9    Spells: 6/6 levels left

rFire   . . .      SeeInvis .     - Unarmed
rCold   . . .      Faith    .   (no shield)
rNeg    . . .      Spirit   .   a - +0 animal skin
rPois   .          Reflect  .   (helmet restricted)
rElec   .          Harm     .   (no cloak)
rCorr   .          Rampage  .   (gloves unavailable)
Will    ++...                   (boots unavailable)
Stlth   ..........              (no amulet)
HPRegen 2.08/turn               (no ring)
MPRegen 0.10/turn               (no ring)

@: berserking, strong-willed, regenerating, very quick
A: large, unfitting armour, claws 3, regeneration 1, shaggy fur 1, tough skin 1
a: Renounce Religion, Berserk, Trog's Hand


You were on level 5 of the Dungeon.
You worshipped Trog.
Trog was pleased with you.
You visited 1 branch of the dungeon, and saw 5 of its levels.

You collected 435 gold pieces.

Inventory:

Missiles
 c - 47 stones (quivered)
 i - 6 curare-tipped darts
 j - 6 silver javelins
 s - a boomerang
 t - 14 poisoned darts
Armour
 a - a +0 animal skin (worn)
Jewellery
 o - a +6 ring of dexterity
 u - a ring of ice
 B - an amulet of faith
Wands
 m - a wand of polymorph (14)
 w - a wand of roots (11)
 x - a wand of flame (17)
Scrolls
 b - 5 scrolls of identify {unknown}
 d - 2 scrolls of immolation {unknown}
 e - 3 scrolls of teleportation {unknown}
 f - a scroll of fog {unknown}
 q - 3 scrolls of amnesia {unknown}
 y - a scroll of enchant armour {unknown}
 A - a scroll of vulnerability {unknown}
Potions
 g - a potion of resistance {unknown}
 h - a potion of invisibility {unknown}
 k - 2 potions of curing
 l - 2 potions of brilliance {unknown}
 n - a potion of attraction {unknown}
 p - a potion of degeneration {unknown}
 r - a potion of magic {unknown}
 v - a potion of haste {unknown}
 z - a potion of might {unknown}


   Skills:
 + Level 5.2 Fighting
 - Level 3.0 Throwing
 - Level 2.4 Dodging
 + Level 6.3 Unarmed Combat


You had 6 spell levels left.
You didn't know any spells.
Your spell library was empty.

Dungeon Overview and Level Annotations

Branches:
Dungeon (5/15)
 Temple: D:4-7

Altars:
Ru

Annotations:
D:5 1 runed translucent door, MrPoopyBoutHole's ghost, novice FoFi


Innate Abilities, Weirdness & Mutations

You are too large for most types of armour.
You have claws for hands.
Your natural rate of healing is unusually fast.
You are covered in fur. (AC +1)
You have tough skin. (AC +1)


Message History

You are too injured to fight recklessly!
You are too injured to fight recklessly!
You are too injured to fight recklessly!
You are too injured to fight recklessly!
You are too injured to fight recklessly!
You are too injured to fight recklessly!
You are too injured to fight recklessly!
You are too injured to fight recklessly!
You are too injured to fight recklessly!
Unknown command.
Your skin crawls.
You feel strong-willed.
The gnoll hits you from afar with a +0 halberd!
* * * LOW HITPOINT WARNING * * *
The gnoll hits you but does no damage. The gnoll hits you with a +0 spear.
* * * LOW HITPOINT WARNING * * *
Unknown command.
Unknown command.
A red film seems to cover your vision as you go berserk!
You feel yourself moving faster!
You feel mighty!
Your attacks no longer feel as feeble.
The gnoll barely misses you. The gnoll hits you with a +0 spear.
* * * LOW HITPOINT WARNING * * *
The gnoll hits you with a +0 spear.
* * * LOW HITPOINT WARNING * * *
You claw the gnoll!
You kill the gnoll!
Trog accepts your kill.
The gnoll hits you from afar with a +0 halberd.
* * * LOW HITPOINT WARNING * * *
The gnoll hits you with a +0 spear!
* * * LOW HITPOINT WARNING * * *
You barely miss the gnoll. The gnoll hits you but does no damage.
You mangle the gnoll!!
You feel the power of Trog in you as your rage grows.
You kill the gnoll!
Trog accepts your kill.
Unknown command.
The gnoll hits you with a +0 halberd!
You die...

######.#...##.##>......
######.#...##'####.....
#......####..†...#.....
#.###### #......#.....
#.# #......#..... #.#
######+####.....
#.#####.....#.# #.....
#....))g# #.#.# #.....
######@.# #.#.## #.....
#..# #.... +.....
#....#...####.....
#.#.##...[.....###
#.#..#.#..####.# #.#..#
#..# #.# #.# .# #..#
#.# #.# .# ....###.#
.....+...###


You could see a gnoll (swift).

Vanquished Creatures
  Sigmund (D:3)
  Duvessa (D:4)
  An ice beast (D:5)
  An ogre (D:5)
  Dowan (D:4)
  A gnoll bouda (D:5)
  Terence (D:3)
  An iguana (D:5)
  Ijyb (D:3)
  4 adders
  10 gnolls
  2 worms
  2 dart slugs
  6 orcs
  7 endoplasms
  4 giant cockroaches
  8 goblins
  5 hobgoblins
  6 jackals
  7 quokkas
  9 ball pythons
  2 bats
  3 frilled lizards
  4 kobolds
  9 rats
97 creatures vanquished.

Notes
Turn   | Place    | Note
-------+----------+-------------------------------------------
     0 | D:1      | kevlar127 the Troll Berserker began the quest for the Orb.
     0 | D:1      | Reached XP level 1. HP: 22/22 MP: 0/0
   329 | D:1      | Reached XP level 2. HP: 29/29 MP: 1/1
   543 | D:1      | Reached ** piety under Trog
   545 | D:1      | Reached XP level 3. HP: 36/37 MP: 2/2
   866 | D:2      | Found a sacrificial altar of Ru.
  1176 | D:3      | Noticed Sigmund
  1184 | D:3      | Killed Sigmund
  1185 | D:3      | Reached skill level 4 in Unarmed Combat
  1185 | D:3      | Reached XP level 4. HP: 44/48 MP: 3/3
  1185 | D:3      | Reached XP level 5. HP: 50/54 MP: 4/4
  1197 | D:3      | Reached skill level 5 in Unarmed Combat
  1251 | D:3      | Noticed Terence
  1260 | D:3      | Killed Terence
  1424 | D:3      | Reached XP level 6. HP: 26/62 MP: 5/5
  1432 | D:3      | Reached skill level 1 in Throwing
  1707 | D:3      | Noticed Ijyb
  1715 | D:3      | Killed Ijyb
  2005 | D:4      | Noticed Dowan
  2006 | D:4      | Noticed Duvessa
  2019 | D:4      | Killed Duvessa
  2040 | D:4      | Killed Dowan
  2041 | D:4      | Reached XP level 7. HP: 47/71 MP: 6/6
  2098 | D:4      | Reached *** piety under Trog
  2984 | D:5      | Entered Level 5 of the Dungeon
  3097 | D:5      | Noticed MrPoopyBoutHole's ghost (novice FoFi)
  3155 | D:5      | Identified the +0 chain mail "Iclesk" {rC+}
  3272 | D:5      | Found a runed translucent door.
  3296 | D:5      | Reached skill level 6 in Unarmed Combat
  3331 | D:5      | Reached skill level 5 in Fighting
  3505 | D:5      | HP: 5/108 [gnoll/+0 spear[a gnoll bouda] (9)]
  3508 | D:5      | Slain by a gnoll

Illustrated notes

Levels and vault maps discovered:
D:1:      onia_arrival_handbag, layout_basic
D:2:      layout_rooms, basic_altar, minmay_misc_feat_enclosed
D:3:      layout_loops_cross, serial_glass, glass_columns_a, glass_columns_b,
          glass_columns_a, glass_columns_a, due_unseen_surprise,
          item_on_display_a, feat_on_display, feat_on_display, uniq_sigmund,
          uniq_terence, uniq_ijyb
D:4:      layout_rooms, serial_corexii_hall, chequers_hall_statues_wall_a,
          chequers_hall_statues_corner_a, corexii_hall_statues_l,
          chequers_hall_statues_y, corexii_hall_statues_l,
          chequers_hall_statues_corner_a, lemuel_flame_loot_1, uniq_duvessa
D:5:      layout_basic, hellmonk_ghost_happy_afterlife

Skill      XL: |  1  2  3  4  5  6  7 |
---------------+----------------------+-----
Fighting       | 3 4 5 |  5.2
Unarmed Combat | 4 5 6 |  6.3
Throwing       | 2 3 |  3.0
Dodging        | |  2.4

Action                   |  1- 3 |  4- 6 |  7- 9 || total
-------------------------+-------+-------+-------++-------
Melee: Unarmed           |    99 |   117 |    44 ||   260
       Punch             |     2 |     6 |     1 ||     9
Invok: Trog's Hand       |       |     3 |     3 ||     6
       Berserk           |       |     2 |     1 ||     3
Armor: Animal skin       |    25 |    23 |     7 ||    55
Dodge: Dodged            |    51 |    57 |    26 ||   134

Table legend: (Time is in decaauts)
 A = Elapsed time spent in this place.
 B = Non-inter-level travel time spent in this place.
 C = Inter-level travel time spent in this place.
 D = Time resting spent in this place.
 E = Time spent auto-exploring this place.
 F = Levels seen in this place.
 G = Mean time per level.
                   A        B        C        D        E       F      G
               +--------+--------+--------+--------+--------+-----+--------+
         Total |   3496 |   3408 |     88 |    380 |   2418 |   5 |  699.2 |
       Dungeon |   3496 |   3408 |     88 |    380 |   2418 |   5 |  699.2 |
               +--------+--------+--------+--------+--------+-----+--------+

Top non-repeatable levels by time:
     D:4: 1016 daAuts
     D:3: 793 daAuts
     D:1: 745 daAuts
     D:5: 519 daAuts
     D:2: 422 daAuts
